 Dungeon Crawl Stone Soup version 0.28.0-53-g5a82cb258f (webtiles) character file.

Game seed: 7912305152027810169

74 cbfl8 the Skirmisher (level 4, -3/41 HPs)
             Began as a Minotaur Berserker on Aug 14, 2022.
             Slain by a black bear (4 damage)
             ... created by the rage of Trog
             ... on level 3 of the Dungeon.
             The game lasted 00:03:09 (1860 turns).

cbfl8 the Skirmisher (Minotaur Berserker)           Turns: 1860, Time: 00:03:10

Health: -3/41      AC:  6    Str: 20 (21) XL:     4   Next: 9%
Magic:  3/3        EV: 12    Int:  4      God:
Gold:   61         SH:  0    Dex: 12      Spells: 3/3 levels left

rFire   . . .      SeeInvis .   a - +0 hand axe
rCold   . . .      Faith    .   (no shield)
rNeg    . . .      Spirit   .   h - +0 leather armour
rPois   .          Reflect  .   (helmet restricted)
rElec   .          Harm     .   (no cloak)
rCorr   .          Rampage  .   m - +2 pair of gloves
Will    .....                   (no boots)
Stlth   +.........              (no amulet)
HPRegen 0.13/turn               (no ring)
MPRegen 0.08/turn               (no ring)

@: no status effects
A: horns 2, retaliatory headbutt
a: no special abilities


You were on level 3 of the Dungeon.
You visited 1 branch of the dungeon, and saw 3 of its levels.

You collected 61 gold pieces.

Inventory:

Hand Weapons
 a - a +0 hand axe (weapon)
Armour
 b - a +1 animal skin
 h - a +0 leather armour (worn)
 m - a +2 pair of gloves (worn)
Scrolls
 d - a scroll of amnesia {unknown}
 e - 2 scrolls of enchant armour
 f - a scroll of fog
 l - a scroll of silence {unknown}
Potions
 c - a potion of mutation {unknown}
 g - a potion of heal wounds
 i - a potion of curing {unknown}


   Skills:
 * Level 4.7 Fighting
 * Level 4.5 Axes
 + Level 2.7 Armour
 * Level 2.9 Dodging


You had 3 spell levels left.
You didn't know any spells.
Your spell library contained the following spells:

 Spells                   Type           Power      Damage    Failure   Level
 Animate Skeleton         Necr           0%         N/A       54%         1
 Apportation              Tloc           0%         N/A       54%         1
 Summon Small Mammal      Summ           0%         N/A       54%         1


Dungeon Overview and Level Annotations

Branches:
Dungeon (3/15)

Altars:

Annotations:
D:3 Robin


Innate Abilities, Weirdness & Mutations

You have a pair of horns on your head.
You reflexively headbutt those who attack you in melee.


Message History

Blink to where?
Press: ? - help, Dir - move target
As you read the scroll labelled UFFUSU ENOOF, it crumbles to dust.
It was a scroll of blinking.
You hear an angry growl.
Okay, then.
Okay, then.
You hear an angry growl.
The polar bear growls angrily.
You hear an angry growl.
The black bear bites you but does no damage.
The black bear claws you.
The black bear claws you but does no damage.
The black bear rages.
The black bear bites you! The black bear claws you. x2
You hear an angry growl.
The black bear closely misses you. You furiously retaliate!
You headbutt the black bear!
The black bear claws you but does no damage.
The black bear claws you.
You feel much better.
You hear an angry growl.
The polar bear misses you. x2; The polar bear barely misses you.
The black bear bites you!
The black bear claws you but does no damage.
The black bear claws you.
You hear an angry growl. x3
You see here a rat skeleton.
The polar bear rages.
The black bear bites you.
The black bear claws you but does no damage.
The black bear barely misses you. The polar bear bites you!!
Ouch! That really hurt!
* * * LOW HITPOINT WARNING * * *
The polar bear claws you but does no damage.
The polar bear claws you.
* * * LOW HITPOINT WARNING * * *
The black bear bites you.
You die...

#.###............#..<...)#
#.
#.##.................####.#
#.# ....................##
#h# #h#
...#........####.#)## #h#h#
#.#...##.#.........## #.#
#.....##.#......h...# #h#
###...##.#.#####.#..# #.#
......##.#.# ##.#..# #.#
#.##.###.#.# #.@...#
#####.## ####.#
#.#.####hh#..####.##...#
#.#
#.#...##.÷#........#...###
####.#
#......h..#.###.....†....#
.....#
#.###h##.##..............#
###### #
#.##.######..........#
#.###h##.#### #....#...###
#...............#.##...#
#####hh#.#.###..#.######


You could see a polar bear (berserk) and 3 black bears.

Vanquished Creatures
  3 adders
  2 dart slugs (D:2)
  3 bats
  3 endoplasms
  3 giant cockroaches
  9 goblins
  5 hobgoblins
  A ball python (D:3)
  4 frilled lizards
  4 kobolds
  3 rats
40 creatures vanquished.

Notes
Turn   | Place    | Note
-------+----------+-------------------------------------------
     0 | D:1      | cbfl8 the Minotaur Berserker began the quest for the Orb.
     0 | D:1      | Reached XP level 1. HP: 19/19 MP: 0/0
    75 | D:1      | Found a faded altar of an unknown god.
   147 | D:1      | Reached XP level 2. HP: 27/27 MP: 1/1
   698 | D:1      | Fell from the grace of Trog
   792 | D:2      | Reached XP level 3. HP: 18/34 MP: 2/2
  1504 | D:3      | Reached XP level 4. HP: 18/41 MP: 3/3
  1657 | D:3      | Noticed a black bear
  1657 | D:3      | Noticed a black bear
  1657 | D:3      | Noticed a black bear
  1657 | D:3      | Noticed a polar bear
  1657 | D:3      | Noticed a black bear
  1815 | D:3      | Noticed Robin
  1847 | D:3      | Noticed a black bear
  1847 | D:3      | Noticed a black bear
  1847 | D:3      | Noticed a polar bear
  1847 | D:3      | Noticed a black bear
  1860 | D:3      | HP: 1/41 [polar bear[the rage of Trog] (2)]
  1860 | D:3      | Slain by a black bear

Illustrated notes

Levels and vault maps discovered:
D:1:      dpeg_arrival_ternary, layout_basic, basic_ecumenical_altar,
          chequers_jeans
D:2:      layout_rooms
D:3:      kennysheep_big_flooded_room, layout_loops_ring, uniq_robin

Skill      XL: |  1  2 |
---------------+-------+-----
Fighting       | 4 |  4.7
Axes           | 4 |  4.5
Armour         | |  2.7
Dodging        | |  2.9

Action                   |  1- 3 |  4- 6 || total
-------------------------+-------+-------++-------
Melee: Hand axe          |    74 |     7 ||    81
       Headbutt          |    10 |       ||    10
       Punch             |     1 |       ||     1
Invok: Renounce Religion |     1 |       ||     1
  Use: Scroll            |     1 |     5 ||     6
       Potion            |       |     1 ||     1
Armor: Animal skin       |    11 |     3 ||    14
       Leather armour    |       |     8 ||     8
Dodge: Dodged            |    51 |     8 ||    59
